 Dungeon Crawl Stone Soup version 0.31-a0-188-g5e087ee2ca (webtiles) character file.

Game seed: 7510474447233193692

21 qw the Shooter (level 2, -10/16 HPs)
             Began as a Deep Elf Hunter on June 23, 2023.
             Mangled by Sigmund
             ... wielding a +1 scythe of distortion
              (15 damage)
             ... on level 2 of the Dungeon.
             The game lasted 00:00:14 (726 turns).

qw the Shooter (Deep Elf Hunter)                     Turns: 726, Time: 00:00:15

Health: -10/16     AC: 12    Str:  8    XL:     2   Next: 62%
Magic:  4/4        EV: 20    Int: 13    God:
Gold:   10         SH:  0    Dex: 18    Spells: 1/1 levels left

rFire   . . .        Y - melded +0 shortbow
rCold   . . .        (shield currently unavailable)
rNeg    + + +        c - melded +0 leather armour
rPois   +            (helmet currently unavailable)
rElec   .            h - melded scarf {rC+ rF+}
rCorr   .            (gloves currently unavailable)
SInv    .            (boots currently unavailable)
Will    .....        (no amulet)
Stlth   ++           (no ring)
HPRegen 0.22/turn    (no ring)
MPRegen 0.09/turn

%: no passive effects
@: fungus-form
A: melee confuse, terrified, no casting, tiny
a: no special abilities


You were on level 2 of the Dungeon.
You were a sentient fungus.
You visited 1 branch of the dungeon, and saw 2 of its levels.

You collected 10 gold pieces.


   Skills:
 - Level 1.5 Fighting
 + Level 6.4 Ranged Weapons
 - Level 2.4 Dodging
 - Level 1.2 Stealth


You had one spell level left.
You didn't know any spells.
Your spell library was empty.

Inventory:

Hand Weapons
 Y - a +0 shortbow (melded)
Armour
 c - a +0 leather armour (melded)
 h - a scarf of resistance (melded)
Potions
 e - a potion of brilliance {unknown}
 f - a potion of curing {unknown}

Dungeon Overview and Level Annotations

Branches:
Dungeon (2/15)

Altars:

Shops:
D:1 ?

Annotations:
D:2 Sigmund


Message History

You climb downwards.
Found a scroll of amnesia and 2 gold pieces.
There is a stone staircase leading up here.
Sigmund is nearby!
Waypoint 1 assigned to D:2.
You shoot an arrow. The arrow hits Sigmund!
Sigmund is moderately wounded.
Sigmund closely misses you.
You shoot an arrow. The arrow hits Sigmund.
Sigmund is heavily wounded.
You shoot an arrow. The arrow hits Sigmund.
Sigmund is heavily wounded.
Sigmund gestures at you while chanting. The magic dart hits you!
Ouch! That really hurt!
Sigmund zaps a wand.
You turn into a sentient fungus.
Your +0 shortbow melds into your body.
Your scarf of resistance melds into your body.
Your +0 leather armour melds into your body.
You feel hot and cold all over.
Sigmund casts a spell.
Sigmund flickers and vanishes!
Deactivating autopickup; reactivate with Ctrl-A.
Autopickup is now on.
Something barely misses you. Something completely misses you.
Something barely misses you. Something misses you.
A magic dart appears from out of thin air!
Deactivating autopickup; reactivate with Ctrl-A.
The magic dart hits you.
Autopickup is now on.
Something barely misses you. Something misses you.
Something hits you but does no damage.
Deactivating autopickup; reactivate with Ctrl-A.
You blink.
Autopickup is now on.
Something hits you but does no damage. Space warps horribly around you!
Ouch! That really hurt!
You die...

#########
.$..{.. #
#######..###..#
.......f.<....#
#######?.###.##
#.... #.####
#.# #.# #.# ..#


There were no monsters in sight!

Vanquished Creatures
  A dart slug (D:1)
  An endoplasm (D:1)
  A giant cockroach (D:1)
  3 jackals (D:1)
  3 kobolds (D:1)
  A quokka (D:1)
  A ball python (D:1)
  3 bats (D:1)
  2 frilled lizards (D:1)
  A goblin (D:1)
  A rat (D:1)
18 creatures vanquished.

Notes
Turn   | Place    | Note
-------+----------+-------------------------------------------
     0 | D:1      | qw the Deep Elf Hunter began the quest for the Orb.
     0 | D:1      | Reached XP level 1. HP: 12/12 MP: 3/3
     0 | D:1      | 0 ||| qw: Version: 0.3-a-9-g12657ce
     0 | D:1      | 0 ||| qw: Game counter: 4217
     0 | D:1      | 0 ||| qw: Always use a shield: true
     0 | D:1      | 0 ||| qw: God list: Okawaru
     0 | D:1      | 0 ||| qw: Allow faded altars: false
     0 | D:1      | 0 ||| qw: Do Orc after D:15 true
     0 | D:1      | 0 ||| qw: Do second Lair branch before Depths: true
     0 | D:1      | 0 ||| qw: Lair rune preference: random
     0 | D:1      | 0 ||| qw: Plans: Normal
     0 | D:1      | 0 ||| PLANNING D:1-11
   117 | D:1      | Reached XP level 2. HP: 16/16 MP: 4/4
   122 | D:1      | Reached skill level 6 in Ranged Weapons
   510 | D:1      | Found Lennarr's Magic Scroll Emporium.
   516 | D:1      | 516 ||| SHOPLISTING scroll of identify (24 gold, have 10).
   516 | D:1      | 516 ||| SHOPLISTING scroll of teleportation (36 gold, have
                  | 10).
   668 | D:1      | 668 ||| UPGRADING to scarf of resistance.
   673 | D:1      | 673 ||| READING scroll labelled JIPA ITUHESIN.
   674 | D:1      | 674 ||| READING scroll labelled ZUONOM BATHREF.
   675 | D:1      | 675 ||| READING scroll labelled QIJA XUWOUTZI HIAM.
   676 | D:1      | 676 ||| DROPPING scroll of butterflies.
   709 | D:2      | Noticed Sigmund
   720 | D:2      | HP: 4/16 [something/magic dart (5)]
   726 | D:2      | Mangled by Sigmund

Levels and vault maps discovered:
D:1:      wander_arrival_chamber, layout_basic, serial_shops, shop
D:2:      layout_loops_ring, shapermc_ecumenical_altar_totnotflames,
          serial_bayou_crossing, uniq_sigmund

Skill      XL: |  1  2 |
---------------+-------+-----
Ranged Weapons | 6 |  6.4
Fighting       | |  1.5
Dodging        | |  2.4
Stealth        | |  1.2

Action                     || total
---------------------------++-------
   Fire: Shortbow          ||    50
    Use: Scroll            ||     3
 Armour: Leather armour    ||     7
         Skin              ||     2
  Dodge: Dodged            ||    20

Table legend:
 A = Non-vault XP
 B = Vault XP
 C = Vault XP percentage of total XP
 D = Non-vault monster count
 E = Vault monster count
 F = Vault count percentage of total count
                 A         B        C        D         E       F
            +---------+---------+-------+---------+---------+-------
      Total |      30 |       0 |   0.0 |      18 |       0 |   0.0
            +---------+---------+-------+---------+---------+-------
        D:1 |      30 |       0 |   0.0 |      18 |       0 |   0.0
            +---------+---------+-------+---------+---------+-------
